 Dungeon Crawl Stone Soup version 0.20.1-1-g8b1a95d (webtiles) character file.

4830 raph the Chiller (level 10, -4/82 HPs)
             Began as a Grey Draconian Ice Elementalist on Oct 21, 2017.
             Was a Believer of Kikubaaqudgha.
             Slain by a two-headed ogre
             ... wielding a +0 giant spiked club
              (19 damage)
             ... on level 9 of the Dungeon on Oct 22, 2017.
             The game lasted 00:40:49 (9721 turns).

raph the Chiller (Grey Draconian Ice Elementalist)  Turns: 9721, Time: 00:40:50

Health: -4/82      AC: 21    Str: 10    XL:     10   Next: 25%
Magic:  11/27      EV: 14    Int: 18    God:    Kikubaaqudgha [**....]
Gold:   376        SH:  2    Dex: 13    Spells: 1/19 levels left

rFire    x . .     SeeInvis .   H - +1 dagger (pain)
rCold    + . .     Gourm    .   (no shield)
rNeg     . . .     Faith    .   (armour unavailable)
rPois    .         Spirit   .   (helmet restricted)
rElec    .         Reflect  +   K - +1 cloak
rCorr    .         Harm     .   (no gloves)
MR       .....                  (no boots)
Stlth    +++.......             w - +2 amulet of reflection
Regen    0.3/turn               i - ring of magical power
MPRegen  0.2/turn               u - ring of ice

@: icy armour, very slightly contaminated, slow
A: walk through water, unfitting armour, unbreathing, cold-blooded, AC +12
a: Receive Corpses, Renounce Religion


You were on level 9 of the Dungeon.
You worshipped Kikubaaqudgha.
Kikubaaqudgha was pleased with you.
You were hungry.

You visited 2 branches of the dungeon, and saw 10 of its levels.

You collected 451 gold pieces.
You spent 75 gold pieces at shops.

Inventory:

Hand Weapons
 h - a +0 dagger
 m - a +1 vampiric dagger
 B - a +1 whip of electrocution
 C - the +1 falchion of Hizip {slice, +Rage +Fly rF+ Str+2}
   (You found it on level 7 of the Dungeon)

   It inflicts extra damage upon your enemies.
   It affects your strength (+2).
   It protects you from fire.
   It lets you fly.
   It lets you go berserk.
 H - a +1 dagger of pain (weapon)
Missiles
 j - 20 tomahawks
 I - 2 javelins (quivered)
Armour
 K - a +1 cloak (worn)
Jewellery
 g - an uncursed ring of protection from fire
 i - a ring of magical power (left hand)
 n - an uncursed ring of flight
 q - an uncursed ring of magical power
 u - a ring of ice (right hand)
 w - a +2 amulet of reflection (around neck)
Wands
 k - a wand of digging (6/24)
 o - a wand of clouds (3/9)
Scrolls
 e - 2 scrolls of remove curse
 f - a scroll of fog
 l - a scroll of fear
 x - a scroll of identify
 y - 4 scrolls of teleportation
 z - a scroll of enchant weapon
 E - a scroll of magic mapping
 F - a scroll of blinking
Potions
 p - 2 potions of brilliance
 r - a potion of agility
 A - a potion of cancellation
 L - a potion of flight
Books
 a - a book of Frost

   Spells                             Type                      Level
   a - Freeze                         Ice                          1
   b - Throw Frost                    Conjuration/Ice              2
   c - Ozocubu's Armour               Charms/Ice                   3
   d - Throw Icicle                   Conjuration/Ice              4
   e - Summon Ice Beast               Ice/Summoning                4
 t - a book of Cantrips

   Spells                             Type                      Level
   a - Confusing Touch                Hexes                        1
   b - Animate Skeleton               Necromancy                   1
   c - Summon Small Mammal            Summoning                    1
   d - Apportation                    Translocation                1
 D - a Fen Folio

   Spells                             Type                      Level
   a - Corpse Rot                     Necromancy                   2
   b - Stone Arrow                    Conjuration/Earth            3
   c - Leda's Liquefaction            Hexes/Earth                  4
   d - Summon Forest                  Summoning/Translocation      5
   e - Hydra Form                     Transmutation                6
   f - Summon Hydra                   Summoning                    7
 G - Kikubaaqudgha's Guide on Black Magic
   (Kikubaaqudgha gifted it to you on level 8 of the Dungeon)

   Spells                             Type                      Level
   a - Pain                           Necromancy                   1
   b - Corpse Rot                     Necromancy                   2
   c - Sublimation of Blood           Necromancy                   2
   d - Vampiric Draining              Necromancy                   3
   e - Control Undead                 Necromancy                   4
 J - Sif Muna's Disquisition on the Voyage
   (You found it on level 6 of the Dungeon)

   Spells                             Type                      Level
   a - Apportation                    Translocation                1
Comestibles
 b - 7 bread rations
 c - 3 meat rations
 d - a chunk of flesh
 s - 9 fruits
 v - 7 royal jellies


   Skills:
 + Level 5.6 Fighting
 * Level 1.4(2.2) Short Blades
 - Level 2.6(2.9) Long Blades
 + Level 4.9 Dodging
 - Level 5.0 Stealth
 + Level 5.4 Spellcasting
 + Level 3.3 Conjurations
 - Level 3.8 Charms
 + Level 4.4 Summonings
 * Level 2.4 Necromancy
 - Level 7.1 Ice Magic
 + Level 2.9 Earth Magic


You had one spell level left.
You knew the following spells:

 Your Spells              Type           Power        Failure   Level  Hunger
a - Freeze                Ice            ####         1%          1    None
b - Throw Frost           Conj/Ice       #####.       2%          2    #......
c - Ozocubu's Armour      Chrm/Ice       #####...     4%          3    ##.....
d - Summon Small Mammal   Summ           ###.         1%          1    None
e - Summon Ice Beast      Ice/Summ       #####...     12%         4    ####...
f - Stone Arrow           Conj/Erth      ###...       11%         3    ##.....
g - Vampiric Draining     Necr           ##........   14%         3    ##.....
h - Animate Skeleton      Necr           N/A          4%          1    None


Dungeon Overview and Level Annotations

Branches:
Dungeon (9/15)             Temple (1/1) D:6
   Lair: D:8-11         Orc: D:9-12

Altars:
Ashenzari
Elyvilon
Fedhas
Gozag
Kikubaaqudgha
Nemelex Xobeh
Okawaru
Qazlal
Ru
Sif Muna
Trog
Uskayaw

Shops:
D:5 =

Annotations:
D:5 Elmdore's ghost, novice GrFE
D:7 Dingo's ghost, novice DENe


Innate Abilities, Weirdness & Mutations

You can walk through water.
Your dull iron-grey scales are very hard. (AC +12)
You cannot fit into any form of body armour.
You can survive without breathing.
You are cold-blooded and may be slowed by cold attacks.


Message History

You are very lightly contaminated with residual magic.
Strange energies run through your body.
Your orc skeleton hits the two-headed ogre with a flail.
The two-headed ogre hits your orc skeleton with a giant spiked club!
Your orc skeleton is destroyed!
The two-headed ogre shouts in stereo!
Casting: Vampiric Draining
Confirm with . or Enter, or press ? or * to list all spells.
You feel a surge of power! A chill wind blows around you.
Casting: Summon Ice Beast
Confirm with . or Enter, or press ? or * to list all spells.
Aiming: Vampiric Draining
Press: ? - help, Shift-Dir - straight line, f/p - two-headed ogre
Aim: a two-headed ogre, wielding a giant spiked club and a giant club (heavily wounded)
The two-headed ogre is severely wounded.
You feel life coursing into your body.
You are feeling hungry.
The two-headed ogre hits you with a giant spiked club!!
You die...
Kikubaaqudgha rasps: "You have failed me!
Welcome... death!"

########################
.......#....#...........
.......#....#...........
.......#....#...........
.......#....#.........$.
###....#....#..)@.Y.....
<.#....#....#..#O†..####
..#[)..#.......#....#
..#.)..#.......#....#
..#...)#.......#....#
..#....#)......#....#
..)............#....# .
........[......#..... .
###............# .


You could see a two-headed ogre and a friendly ice beast.

Vanquished Creatures
  Pikel (D:6)
  Maurice (D:8)
  Psyche (D:8)
  A yak (D:8)
  A hog (D:8)
  Grum (D:8)
  3 orc warriors
  3 sky beasts
  2 phantoms
  2 wolves (D:8)
  3 ogres
  2 centaurs
  A big kobold (D:7)
  4 bullfrogs
  4 scorpions
  4 killer bees (D:7)
  A crimson imp (D:8)
  5 hounds
  Ijyb (D:3)
  7 orc priests
  An iguana (D:6)
  9 orc wizards
  6 worker ants
  A worker ant zombie (D:8)
  Robin (D:4)
  8 adders
  2 howler monkey skeletons
  7 river rats (D:5)
  A shadow imp (D:9)
  An adder zombie (D:9)
  2 adder skeletons
  5 worms
  A dart slug (D:3)
  7 leopard geckos
  29 orcs
  3 giant cockroaches
  4 hobgoblins
  21 jackals
  7 kobolds
  4 quokkas
  A ball python (D:1)
  4 bats
  4 frilled lizards
  17 goblins
  A quokka skeleton (D:6)
  23 rats
218 creatures vanquished.

Vanquished Creatures (collateral kills)
  2 hogs (D:8)
  A human (D:8)
  A sky beast (D:6)
  A black bear (D:7)
  A necrophage (D:8)
  A wolf (D:8)
  2 bullfrogs
  A centaur zombie (D:8)
  A bullfrog skeleton (D:4)
  A howler monkey skeleton (D:4)
  A shadow imp (D:7)
  An orc (D:6)
  3 kobolds (D:7)
17 creatures vanquished.

Vanquished Creatures (others)
  A howler monkey (D:6)
1 creature vanquished.

Grand Total: 236 creatures vanquished

Notes
Turn   | Place    | Note
-------+----------+-------------------------------------------
     0 | D:1      | raph the Draconian Ice Elementalist began the quest for the Orb.
     0 | D:1      | Reached XP level 1. HP: 14/14 MP: 3/3
   164 | D:1      | Reached XP level 2. HP: 20/20 MP: 0/5
   220 | D:1      | Learned a level 2 spell: Throw Frost
   891 | D:2      | Found a faded altar of an unknown god.
   993 | D:2      | Reached XP level 3. HP: 26/26 MP: 6/6
  1335 | D:2      | Learned a level 3 spell: Ozocubu's Armour
  1398 | D:2      | Reached skill level 4 in Ice Magic
  1507 | D:2      | Reached XP level 4. HP: 34/34 MP: 7/7
  2075 | D:3      | Noticed Ijyb
  2090 | D:3      | Killed Ijyb
  2090 | D:3      | Reached skill level 1 in Fighting
  2090 | D:3      | Reached skill level 1 in Charms
  2136 | D:3      | Reached XP level 5. HP: 32/40 MP: 6/8
  2486 | D:3      | Learned a level 1 spell: Summon Small Mammal
  3057 | D:4      | Noticed an ogre
  3145 | D:4      | Killed an ogre
  3145 | D:4      | Reached XP level 6. HP: 37/48 MP: 2/10
  3379 | D:4      | Reached skill level 1 in Summonings
  3519 | D:4      | Noticed Robin
  3528 | D:4      | Killed Robin
  3571 | D:5      | Entered Level 5 of the Dungeon
  3717 | D:4      | HP: 2/49 [phantom (2)]
  4326 | D:5      | Found a sparkling altar of Nemelex Xobeh.
  4328 | D:5      | Noticed a sky beast
  4404 | D:5      | Reached skill level 5 in Ice Magic
  4404 | D:5      | Your scales start taking on a dull iron-grey colour.
  4404 | D:5      | Reached XP level 7. HP: 39/56 MP: 6/12
  4404 | D:5      | Gained mutation: You can survive without breathing. [Grey Draconian growth]
  4691 | D:5      | Found a shattered altar of Ashenzari.
  4696 | D:5      | Noticed Elmdore's ghost (novice GrFE)
  4796 | D:5      | Found Kuwee's Jewellery Shop.
  4803 | D:5      | Bought a +2 amulet of reflection for 75 gold pieces
  5177 | D:5      | Found a stormy altar of Qazlal.
  5335 | D:6      | Learned a level 4 spell: Summon Ice Beast
  5528 | D:6      | Reached XP level 8. HP: 55/63 MP: 13/13
  5785 | D:6      | Found a deep blue altar of Sif Muna.
  5812 | D:6      | Identified Sif Muna's Disquisition on the Voyage
  6033 | D:6      | Reached skill level 6 in Ice Magic
  6167 | D:6      | Noticed Pikel
  6174 | D:6      | Killed Pikel
  6174 | D:6      | Reached skill level 1 in Short Blades
  6356 | D:6      | Found a staircase to the Ecumenical Temple.
  6365 | Temple   | Entered the Ecumenical Temple
  6429 | Temple   | Became a worshipper of Kikubaaqudgha
  6719 | D:6      | Found a bloodstained altar of Trog.
  7022 | D:7      | Reached XP level 9. HP: 68/72 MP: 15/15
  7040 | D:7      | Reached skill level 1 in Necromancy
  7177 | D:7      | Got a fine falchion
  7190 | D:7      | Learned a level 3 spell: Stone Arrow
  7196 | D:7      | Identified the cursed +1 falchion of Hizip {slice, +Rage +Fly rF+ Str+2} (You found it on level 7 of the Dungeon)
  7251 | D:7      | Reached skill level 7 in Ice Magic
  7271 | D:7      | Noticed Dingo's ghost (novice DENe)
  7390 | D:8      | Reached skill level 1 in Long Blades
  7637 | D:8      | Reached skill level 5 in Stealth
  7641 | D:8      | Reached * piety under Kikubaaqudgha
  7641 | D:8      | Identified Kikubaaqudgha's Guide on Black Magic (Kikubaaqudgha gifted it to you on level 8 of the Dungeon)
  7641 | D:8      | Received a gift from Kikubaaqudgha
  7641 | D:8      | Reached skill level 1 in Earth Magic
  7749 | D:8      | Learned a level 3 spell: Vampiric Draining
  7981 | D:8      | Reached skill level 5 in Spellcasting
  7982 | D:8      | Noticed Grum
  7993 | D:8      | Killed Grum
  7993 | D:8      | Reached skill level 5 in Fighting
  8130 | D:8      | Noticed Psyche
  8141 | D:8      | Killed Psyche
  8273 | D:8      | Noticed Maurice
  8322 | D:8      | Killed Maurice
  8322 | D:8      | Reached XP level 10. HP: 80/81 MP: 2/17
  8606 | D:8      | Found a sacrificial altar of Ru.
  8835 | D:8      | Learned a level 1 spell: Animate Skeleton
  9187 | D:9      | Reached ** piety under Kikubaaqudgha
  9703 | D:9      | Noticed a two-headed ogre
  9721 | D:9      | Slain by a two-headed ogre

Skill      XL: |  1  2  3  4  5  6  7  8  9 |
---------------+----------------------------+-----
Stealth        | 2 3 4 5 |  5.0
Dodging        | 2 3 4 |  4.9
Ice Magic      | 4 5 6 7 |  7.1
Fighting       | 1 2 3 4 5 |  5.6
Charms         | 1 2 3 |  3.8
Spellcasting   | 3 4 5 |  5.4
Summonings     | 1 2 4 |  4.4
Short Blades   | 1 |  1.4
Necromancy     | 2 |  2.4
Conjurations   | 3 |  3.3
Long Blades    | 2 |  2.6
Earth Magic    | 2 |  2.9

Action                   |  1- 3 |  4- 6 |  7- 9 | 10-12 || total
-------------------------+-------+-------+-------+-------++-------
Melee: Unarmed           |     1 |       |       |       ||     1
       Dagger            |    51 |   146 |   229 |    32 ||   458
       Tailslap          |     5 |    12 |    43 |    17 ||    77
       Whip              |       |       |    51 |       ||    51
       Falchion          |       |       |    99 |    92 ||   191
Throw: Javelin           |       |       |     3 |     2 ||     5
       Tomahawk          |       |       |       |     1 ||     1
 Cast: Freeze            |    52 |    69 |    78 |     2 ||   201
       Throw Frost       |     8 |    19 |    23 |     3 ||    53
       Ozocubu's Armour  |     2 |    20 |    33 |    11 ||    66
       Summon Small Mamm |       |    10 |     6 |       ||    16
       Summon Ice Beast  |       |       |    14 |     5 ||    19
       Stone Arrow       |       |       |    10 |     9 ||    19
       Vampiric Draining |       |       |     7 |    18 ||    25
       Animate Skeleton  |       |       |       |     4 ||     4
Evoke: Wand              |       |     1 |     3 |       ||     4
  Use: Scroll            |       |    17 |     1 |     6 ||    24
       Potion            |       |     1 |     2 |       ||     3
 Stab: Sleeping          |     1 |     2 |     1 |     1 ||     5
       Distracted        |       |       |     1 |       ||     1
       Confused          |       |       |     2 |       ||     2
  Eat: Chunk             |     3 |    10 |    13 |     6 ||    32
       Meat ration       |       |     1 |     2 |       ||     3
       Fruit             |       |     2 |       |       ||     2
Armor: Skin              |    30 |    92 |   250 |    77 ||   449
Dodge: Dodged            |    40 |   111 |   282 |    95 ||   528
Block: Other             |       |       |    24 |    12 ||    36
       Reflection        |       |       |     1 |       ||     1
       Rpst.: Falchion   |       |       |    32 |    17 ||    49
